 Dungeon Crawl Stone Soup version 0.26-a0-663-g36e8fdb655 (console) character file.

Game seed: 7185284588231200407

2905 om the Transmogrifier (level 9, -8/63 HPs)
             Began as a Merfolk Transmuter on Oct 12, 2020.
             Was an Initiate of Ashenzari.
             Mangled by a cyclops (27 damage)
             ... on level 8 of the Dungeon.
             The game lasted 00:26:56 (12883 turns).

om the Transmogrifier (Merfolk Transmuter)         Turns: 12883, Time: 00:26:57

Health: -8/63      AC:  2    Str: 12    XL:     9   Next: 78%
Magic:  12/15      EV: 25    Int: 13    God:    Ashenzari [......]
Gold:   407        SH:  0    Dex: 20    Spells: 12/16 levels left

rFire    + . .     SeeInvis .     - Unarmed
rCold    . . .     Faith    .   (shield currently unavailable)
rNeg     . . .     Spirit   .   (armour currently unavailable)
rPois    x         Reflect  .   (helmet currently unavailable)
rElec    .         Harm     .   (cloak currently unavailable)
rCorr    .         Rampage  .   (gloves currently unavailable)
MR       .....                  (boots currently unavailable)
Stlth    ++........             r - amulet of the acrobat
HPRegen  0.20/turn              h - ring of wizardry
MPRegen  0.14/turn              q - ring of protection from fire

@: spider-form
A: tiny, (change form in water), (swift swim), (stealthy swim)
a: End Transformation, Curse Item, Renounce Religion


You were on level 8 of the Dungeon.
You worshipped Ashenzari.
Ashenzari was noncommittal.
You were a venomous arachnid creature.
You visited 2 branches of the dungeon, and saw 9 of its levels.

You collected 407 gold pieces.

Inventory:

Armour
 g - a cursed +1 cloak (melded)
 t - the cursed +1 scale mail of the Spheres (melded) {rPois MR+ Str+2}
   (You found it on level 6 of the Dungeon)

   It affects your strength (+2).
   It protects you from poison.
   It affects your resistance to hostile enchantments.
   It has a curse placed upon it.
Jewellery
 e - an uncursed ring of positive energy
 h - a ring of wizardry (left front leg)
 q - a ring of protection from fire (right front leg)
 r - an amulet of the acrobat (around neck)
 w - an uncursed ring of flight
Wands
 m - a wand of digging (7)
Scrolls
 a - a scroll of fear
 b - 3 scrolls of teleportation
 d - 3 scrolls of fog
 f - 3 scrolls of amnesia
 l - 2 scrolls of enchant armour {unknown}
 n - 2 scrolls of blinking {unknown}
 p - a scroll of magic mapping {unknown}
 y - a scroll of remove curse
 A - a scroll of identify
Potions
 c - a potion of stabbing
 i - 2 potions of curing
 j - a potion of haste {unknown}
 k - 2 potions of lignification
 o - 2 potions of flight
 s - a potion of magic {unknown}
 u - a potion of berserk rage {unknown}
 v - a potion of degeneration {unknown}
 x - a potion of resistance {unknown}
 z - a potion of cancellation {unknown}


   Skills:
 - Level 3.0 Fighting
 * Level 7.1 Armour
 - Level 6.0 Dodging
 - Level 4.0 Unarmed Combat
 - Level 4.0 Spellcasting
 - Level 8.0 Transmutations
 - Level 3.0 Poison Magic


You had 12 spell levels left.
You knew the following spells:

 Your Spells              Type           Power        Failure   Level
a - Beastly Appendage     Tmut           ###...       1%          1
b - Spider Form           Tmut/Pois      ###.......   7%          3

Your spell library contained the following spells:

 Spells                   Type           Power        Failure   Level
 Wereblood                Tmut           ###.....     2%          2
 Magic Dart               Conj           #...         17%         1
 Blade Hands              Tmut           ###.......   19%         5
 Searing Ray              Conj           #.....       24%         2
 Ice Form                 Ice/Tmut       ##......     28%         4
 Dazzling Flash           Conj/Hex       #.....       38%         3
 Fulminant Prism          Conj/Hex       #.........   75%         4
 Iskenderun's Mystic Bla  Conj/Tloc      #.......     75%         4


Dungeon Overview and Level Annotations

Branches:
Dungeon (8/15)             Temple (1/1) D:7
   Lair: D:8-11

Altars:
Ashenzari
Cheibriados
Dithmenos
Elyvilon
Fedhas
Gozag
Hepliaklqana
Makhleb
Nemelex Xobeh
Okawaru
Qazlal
Ru
Sif Muna
Trog
Uskayaw
Vehumet
Wu Jian
Xom
Yredelemnul
Zin
The Shining One


Message History

The cyclops is lightly wounded.
The cyclops hits you!
You completely miss the cyclops.
The cyclops is lightly wounded.
The cyclops misses you.
You hit the cyclops but do no damage.
The cyclops looks as sick as possible!
The cyclops is lightly wounded.
You hit the cyclops.
The cyclops looks as sick as possible!
The cyclops is moderately wounded.
The cyclops completely misses you.
Casting: Spider Form (dangerous; 7% risk of failure)
Confirm with . or Enter, or press ? or * to list all spells.
You extend your transformation's duration.
The cyclops hits you!!
You hit the cyclops but do no damage.
The cyclops looks as sick as possible!
The cyclops is moderately wounded.
You bite the cyclops!
The cyclops looks as sick as possible!
The cyclops is heavily wounded.
The cyclops hits you!!
You die...

.# .# [......... .#
.....C.. .# ....... .#
..... .############## ....
.'............# #..#
.#####.######.# #..# .#
#.# #.##.# #(# .#
#.###.##.#####.####.# ##
#.#.#.##(..sC.........
#####.#.#.##..#########.#.
#.........##..######
#.###.#.#...........
....................
#.###.#...###.######
...#.### #.# #####.# #.#
### #.. ##


You could see a cyclops (extremely poisoned).

Vanquished Creatures
  Grinder (D:3)
  3 orc warriors
  4 sky beasts
  A phantom (D:6)
  2 ogres
  3 centaurs
  A gnoll sergeant (D:5)
  A bullfrog (D:6)
  2 scorpions
  3 wights (D:6)
  2 hounds (D:5)
  7 orc priests
  A jelly (D:5)
  A centaur skeleton (D:5)
  Crazy Yiuf (D:4)
  A bullfrog skeleton (D:6)
  A gnoll shaman (D:7)
  4 orc wizards
  Natasha (thrice) (D:3)
  3 iguanas (D:5)
  4 worker ants
  2 hound zombies (D:6)
  A worker ant zombie (D:5)
  13 gnolls
  A howler monkey skeleton (D:8)
  10 adders
  2 white imps
  2 ufetubi
  An ooze (D:3)
  3 worms
  3 dart slugs
  6 leopard geckos
  24 orcs
  A ball python (D:4)
  6 giant cockroaches
  2 goblins
  3 hobgoblins
  15 jackals
  2 quokkas
  11 bats
  3 frilled lizards
  A jackal skeleton (D:7)
  2 kobolds
  A leopard gecko skeleton (D:5)
  A quokka zombie (D:7)
  8 rats
  A spectral orc (D:4)
174 creatures vanquished.

Vanquished Creatures (others)
  An adder (D:6)
  6 plants (D:3)
7 creatures vanquished.

Grand Total: 181 creatures vanquished

Notes
Turn   | Place    | Note
-------+----------+-------------------------------------------
     0 | D:1      | om the Merfolk Transmuter began the quest for the Orb.
     0 | D:1      | Reached XP level 1. HP: 15/15 MP: 3/3
   111 | D:1      | Reached skill level 3 in Transmutations
   380 | D:1      | Reached XP level 2. HP: 15/21 MP: 3/5
  1626 | D:1      | Reached skill level 4 in Transmutations
  1812 | D:2      | Reached XP level 3. HP: 26/26 MP: 4/6
  2426 | D:2      | Found a sparkling altar of Nemelex Xobeh.
  2943 | D:2      | Reached XP level 4. HP: 26/32 MP: 8/8
  3267 | D:2      | Learned a level 3 spell: Spider Form
  3593 | D:3      | Noticed an ogre
  3673 | D:3      | Found an ornate altar of the Wu Jian Council.
  3697 | D:3      | Reached skill level 5 in Transmutations
  3796 | D:3      | Noticed Natasha
  3818 | D:3      | Killed Natasha
  4645 | D:3      | Killed an ogre
  4645 | D:3      | Reached skill level 6 in Transmutations
  4645 | D:3      | Reached XP level 5. HP: 37/40 MP: 5/9
  4996 | D:3      | Noticed Grinder
  5037 | D:3      | Killed Grinder
  5037 | D:3      | Reached skill level 5 in Dodging
  5037 | D:3      | Reached XP level 6. HP: 46/47 MP: 5/10
  5067 | D:3      | Noticed Natasha
  5074 | D:3      | Killed Natasha
  5162 | D:3      | Noticed Natasha
  5171 | D:3      | Killed Natasha
  5171 | D:3      | Reached XP level 7. HP: 36/52 MP: 7/11
  5433 | D:4      | Found a runed translucent door.
  5434 | D:4      | Noticed Crazy Yiuf
  5481 | D:4      | Killed Crazy Yiuf
  5923 | D:4      | Reached skill level 1 in Poison Magic
  6514 | D:4      | Found a basalt altar of Yredelemnul.
  6591 | D:5      | Entered Level 5 of the Dungeon
  6972 | D:5      | Reached skill level 7 in Transmutations
  6999 | D:5      | Reached XP level 8. HP: 35/58 MP: 9/14
  7255 | D:5      | Reached skill level 8 in Transmutations
  7266 | D:5      | Reached skill level 1 in Armour
  7958 | D:5      | Found a burning altar of Makhleb.
  8660 | D:6      | Got a translucent scale mail
  8671 | D:6      | Identified the cursed +1 scale mail of the Spheres {rPois
                  | MR+ Str+2} (You found it on level 6 of the Dungeon)
  8925 | D:6      | Reached XP level 9. HP: 49/63 MP: 11/15
  9270 | D:6      | Reached skill level 5 in Armour
 10677 | D:7      | Found a white marble altar of Elyvilon.
 10720 | D:7      | Found a staircase to the Ecumenical Temple.
 11270 | Temple   | Entered the Ecumenical Temple
 11368 | Temple   | Became a worshipper of Ashenzari the Shackled
 11417 | D:7      | Found a shadowy altar of Dithmenos.
 12444 | D:7      | Found a blossoming altar of Fedhas.
 12444 | D:7      | Found a glowing golden altar of the Shining One.
 12857 | D:8      | Noticed a cyclops
 12883 | D:8      | Mangled by a cyclops

Illustrated notes

Levels and vault maps discovered:
D:1:      ncdulo_smallfort, layout_basic, chequers_serial_rivers_large_a
D:2:      layout_loops_ring, nemelex_spade_bored_becter
D:3:      layout_basic, lemuel_doored_altar, serial_bayou, serial_bayou_pond_a,
          serial_bayou_ford_a, serial_bayou_pond_d, serial_bayou_shore_b,
          uniq_natasha, uniq_grinder
D:4:      layout_cave_pods, yredelemnul_forgotten_temple_becter, minmay_cupped,
          uniq_crazy_yiuf_cottage
D:5:      layout_loops_ring, lightli_temple_of_fire
D:6:      layout_basic, grunt_tough_drop
D:7:      lemuel_ice_spiral_2, layout_rooms, elyvilon_altar_5,
          chequers_temple_overflow_statue_of_worship,
          minmay_temple_entry_statues_fountains, basic_altar
D:8:      minmay_bloctagon, layout_basic, lemuel_zombie_altar_kikubaaqudgha
Temple:   regret_index_temple_waves

Skill      XL: |  1  2  3  4  5  6  7  8  9 |
---------------+----------------------------+-----
Transmutations | 3 4 6 7 8 |  8.0
Spellcasting   | 3 4 |  4.0
Fighting       | 2 3 |  3.0
Unarmed Combat | 4 |  4.0
Dodging        | 5 6 |  6.0
Poison Magic   | 2 3 |  3.0
Armour         | 4 7 |  7.1

Action                   |  1- 3 |  4- 6 |  7- 9 || total
-------------------------+-------+-------+-------++-------
Melee: Unarmed           |   132 |   100 |   515 ||   747
       Headbutt          |    10 |    14 |       ||    24
       Punch             |     1 |     1 |     2 ||     4
 Cast: Beastly Appendage |    25 |    12 |     3 ||    40
       Spider Form       |       |     5 |    70 ||    75
Invok: Curse Item        |       |       |     2 ||     2
  Use: Scroll            |     1 |     3 |     6 ||    10
       Potion            |       |     4 |       ||     4
 Stab: Sleeping          |     1 |       |       ||     1
Armor: Robe              |     9 |       |       ||     9
       Leather armour    |    17 |    12 |     3 ||    32
       Skin              |       |     1 |    15 ||    16
       Scale mail        |       |       |    12 ||    12
Dodge: Dodged            |    96 |    62 |   650 ||   808

Table legend: (Time is in decaauts)
 A = Elapsed time spent in this place.
 B = Non-inter-level travel time spent in this place.
 C = Inter-level travel time spent in this place.
 D = Time resting spent in this place.
 E = Time spent auto-exploring this place.
 F = Levels seen in this place.
 G = Mean time per level.
                   A        B        C        D        E       F      G
               +--------+--------+--------+--------+--------+-----+--------+
         Total |  12850 |  12527 |    323 |   5216 |   5302 |   9 | 1427.8 |
       Dungeon |  12468 |  12168 |    300 |   4967 |   5208 |   8 | 1558.5 |
        Temple |    381 |    358 |     23 |    249 |     94 |   1 |  381.0 |
               +--------+--------+--------+--------+--------+-----+--------+

Top non-repeatable levels by time:
     D:6: 2415 daAuts
     D:1: 2067 daAuts
     D:2: 1890 daAuts
     D:4: 1677 daAuts
     D:5: 1487 daAuts
     D:7: 1323 daAuts
     D:3: 1306 daAuts
  Temple: 381 daAuts
     D:8: 301 daAuts
